HBL
DANVILLE DAIRY DADDIES @ SAVANNAH SWAMP FOXES
05/06/1997
 
TOP OF THE 1ST
Danville Dairy Daddies batting - Pitching for Savannah Swamp Foxes : RHP John Wasdin
Pitching: RHP John Wasdin
Batting: LHB Brant Brown 0-0: SINGLE (Flyball, 4MD, EV 88.8 MPH)
Batting: RHB Shawn Gilbert 0-0: Called Strike
0-1: Foul Ball, location: 2F
0-2: Fly out, F4 (Popup, 3D, EV 58.1 MPH)
Batting: LHB Rusty Greer 0-0: Ball
1-0: Called Strike
1-1: Fly out, F7 (Flyball, 7D, EV 106.3 MPH)
Batting: LHB Lee Stevens 0-0: Ball
1-0: Ground out 4-3 (Groundball, 34D, EV 81.9 MPH)
Top of the 1st over - 0 runs, 1 hit, 0 errors, 1 left on base; Danville 0 - Savannah 0
BOTTOM OF THE 1ST
Savannah Swamp Foxes batting - Pitching for Danville Dairy Daddies : RHP Cal Eldred
Pitching: RHP Cal Eldred
Batting: LHB Tony Longmire 0-0: Ball
1-0: Swinging Strike
1-1: Foul Ball, location: 2F
1-2: Foul Ball, location: 2F
1-2: Foul Ball, location: 2F
1-2: Ball
2-2: Ball
3-2: Base on Balls
Batting: LHB Jacob Cruz 0-0: Ball
1-0: SINGLE (Groundball, 56D, EV 103.1 MPH)
Tony Longmire to second
Batting: SHB Greg Norton 0-0: Ball
1-0: Foul Ball, location: 2F
1-1: Swinging Strike
1-2: Ball
2-2: Strikes out swinging
Batting: RHB Jimmy Hurst 0-0: Foul Ball, location: 2F
0-1: Ball
1-1: Swinging Strike
1-2: Strikes out swinging
Batting: LHB Jack Howell 0-0: Called Strike
0-1: Swinging Strike
0-2: Strikes out looking
Bottom of the 1st over - 0 runs, 1 hit, 0 errors, 2 left on base; Danville 0 - Savannah 0
TOP OF THE 2ND
Danville Dairy Daddies batting - Pitching for Savannah Swamp Foxes : RHP John Wasdin
Batting: LHB Midre Cummings 0-0: Called Strike
0-1: Foul Ball, location: 2F
0-2: Ball
1-2: SINGLE (Flyball, 78S, EV 96.3 MPH)
Batting: RHB Mike Stanley 0-0: Called Strike
0-1: Ball
1-1: Foul Ball, location: 2F
1-2: Foul Ball, location: 2F
1-2: Ball
2-2: Ground out 6-3 (Groundball, 6S, EV 68.8 MPH)
Midre Cummings to second
Batting: RHB Kevin Polcovich 0-0: SINGLE (Groundball, 4MD, EV 98.8 MPH)
Midre Cummings to third
Batting: RHB Takahiro Ikeyama 0-0: Ball
1-0: Ball
2-0: Fly out, F8 (Flyball, 8LM, EV 96.9 MPH)
Runner from 3rd tags up, SCORES, throw by CF
Batting: RHB Tim Worrell 0-0: Called Strike
0-1: Ball
1-1: Ground out 6-3 (Groundball, 6MS, EV 87.5 MPH)
Top of the 2nd over - 1 run, 2 hits, 0 errors, 1 left on base; Danville 1 - Savannah 0
BOTTOM OF THE 2ND
Savannah Swamp Foxes batting - Pitching for Danville Dairy Daddies : RHP Cal Eldred
Batting: RHB Izzy Molina 0-0: DOUBLE (Flyball, 8LXD, EV 89.4 MPH)
Batting: RHB Andy Sheets 0-0: Ball
1-0: Called Strike
1-1: Ball
2-1: Ball
3-1: Base on Balls
Batting: RHB Masahiro Kawai 0-0: Swinging Strike
0-1: Ball
1-1: Grounds into double play, 5-4-3 (Groundball, 5, EV 82.5 MPH)
Izzy Molina to third
Batting: RHB Kazuhiko Shiotani 0-0: Fly out, F6 (Line Drive, 6, EV 68.8 MPH)
Bottom of the 2nd over - 0 runs, 1 hit, 0 errors, 1 left on base; Danville 1 - Savannah 0
TOP OF THE 3RD
Danville Dairy Daddies batting - Pitching for Savannah Swamp Foxes : RHP John Wasdin
Batting: LHB Brant Brown 0-0: Ball
1-0: Swinging Strike
1-1: Ball
2-1: Called Strike
2-2: Foul Ball, location: 2F
2-2: Ball
3-2: Base on Balls
Batting: RHB Shawn Gilbert 0-0: Ball
1-0: Ball
2-0: Called Strike
2-1: Ball
3-1: TRIPLE (Flyball, 78XD, EV 101.3 MPH)
Brant Brown scores
Batting: LHB Rusty Greer 0-0: Foul Ball, location: 2F
0-1: Ball
1-1: Foul Ball, location: 2F
1-2: Strikes out swinging
Batting: LHB Lee Stevens 0-0: Ball
1-0: Swinging Strike
1-1: Foul Ball, location: 2F
1-2: SINGLE (Groundball, 4MD, EV 104.4 MPH)
Shawn Gilbert scores
Batting: LHB Midre Cummings 0-0: Ball
1-0: Grounds into double play, 5-4-3 (Groundball, 5, EV 86.3 MPH)
Top of the 3rd over - 2 runs, 2 hits, 0 errors, 0 left on base; Danville 3 - Savannah 0
BOTTOM OF THE 3RD
Savannah Swamp Foxes batting - Pitching for Danville Dairy Daddies : RHP Cal Eldred
Batting: LHB Tony Longmire 0-0: Ball
1-0: Ball
2-0: Ball
3-0: Base on Balls
Batting: LHB Jacob Cruz 0-0: DOUBLE (Line Drive, 5D, EV 104.4 MPH)
Tony Longmire to third
Batting: SHB Greg Norton 0-0: Called Strike
0-1: Ball
1-1: Fly out, F7 (Flyball, 7LSF, EV 86.9 MPH)
Batting: RHB Jimmy Hurst 0-0: Ball
1-0: Ball
2-0: Ball
3-0: Base on Balls
Batting: LHB Jack Howell 0-0: Ball
1-0: Swinging Strike
1-1: Swinging Strike
1-2: SINGLE (Flyball, 9LS, EV 91.9 MPH)
Tony Longmire scores
Jacob Cruz to third
Jimmy Hurst to second
Batting: RHB Izzy Molina 0-0: Ball
1-0: Called Strike
1-1: Foul Ball, location: 2F
1-2: Fly out, F7 (Flyball, 7S, EV 86.9 MPH)
Batting: RHB Andy Sheets 0-0: Called Strike
0-1: Fly out, F9 (Flyball, 9S, EV 90.6 MPH)
Bottom of the 3rd over - 1 run, 2 hits, 0 errors, 3 left on base; Danville 3 - Savannah 1
TOP OF THE 4TH
Danville Dairy Daddies batting - Pitching for Savannah Swamp Foxes : RHP John Wasdin
Batting: RHB Mike Stanley 0-0: Foul Ball, location: 2F
0-1: Ball
1-1: Foul Ball, location: 2F
1-2: Foul Ball, location: 2F
1-2: Strikes out swinging
Batting: RHB Kevin Polcovich 0-0: Called Strike
0-1: Foul Ball, location: 2F
0-2: Strikes out swinging
Batting: RHB Takahiro Ikeyama 0-0: Called Strike
0-1: Ball
1-1: Ball
2-1: Foul Ball, location: 2F
2-2: Foul Ball, location: 2F
2-2: Foul Ball, location: 2F
2-2: Ball
3-2: Ground out 1-3 (Groundball, 15, EV 86.9 MPH)
Top of the 4th over - 0 runs, 0 hits, 0 errors, 0 left on base; Danville 3 - Savannah 1
BOTTOM OF THE 4TH
Savannah Swamp Foxes batting - Pitching for Danville Dairy Daddies : RHP Cal Eldred
Batting: RHB Masahiro Kawai 0-0: Ball
1-0: Foul Ball, location: 2F
1-1: Ball
2-1: Ball
3-1: Base on Balls
Batting: RHB Kazuhiko Shiotani 0-0: Ball
1-0: DOUBLE (Flyball, 89D, EV 110.0 MPH)
Masahiro Kawai to third
Batting: LHB Tony Longmire 0-0: Ball
1-0: Called Strike
1-1: Fly out, F8 (Line Drive, 8RD, EV 101.3 MPH)
Batting: LHB Jacob Cruz 0-0: SINGLE (Line Drive, 6D, EV 102.5 MPH)
Masahiro Kawai scores
Kazuhiko Shiotani to third
Batting: SHB Greg Norton 0-0: Ball
1-0: Ball
2-0: Ball
3-0: Called Strike
3-1: Foul Ball, location: 2F
3-2: 3-RUN HOME RUN (Flyball, 7D, EV 101.3 MPH), Distance : 404 ft
Pitching: LHP Joe Crawford
Batting: RHB Jimmy Hurst 0-0: Ball
1-0: SOLO HOME RUN (Flyball, 7D, EV 105.0 MPH), Distance : 399 ft
Pitching: RHP John Hope
Batting: LHB Jack Howell 0-0: SINGLE (Groundball, 4MD, EV 100.0 MPH)
Batting: RHB Izzy Molina 0-0: Called Strike
0-1: Foul Ball, location: 2F
0-2: Strikes out swinging
Batting: RHB Andy Sheets 0-0: 2-RUN HOME RUN (Flyball, 9LD, EV 105.6 MPH), Distance : 355 ft
Batting: RHB Masahiro Kawai 0-0: Ball
1-0: Called Strike
1-1: Swinging Strike
1-2: Ball
2-2: Foul Ball, location: 2F
2-2: Ball
3-2: Fly out, F8 (Flyball, 8LM, EV 95.6 MPH)
Bottom of the 4th over - 7 runs, 6 hits, 0 errors, 0 left on base; Danville 3 - Savannah 8
TOP OF THE 5TH
Danville Dairy Daddies batting - Pitching for Savannah Swamp Foxes : RHP John Wasdin
Batting: RHB Tim Worrell 0-0: Ball
1-0: Ball
2-0: Called Strike
2-1: Fly out, F9 (Flyball, 9, EV 86.9 MPH)
Batting: LHB Brant Brown 0-0: Ball
1-0: Ball
2-0: Called Strike
2-1: Foul Ball, location: 2F
2-2: Fly out, F7 (Flyball, 78S, EV 93.1 MPH)
Batting: RHB Shawn Gilbert 0-0: Ball
1-0: Swinging Strike
1-1: Ball
2-1: Ball
3-1: Swinging Strike
3-2: Ground out 5-3 (Groundball, 5S, EV 69.4 MPH)
Top of the 5th over - 0 runs, 0 hits, 0 errors, 0 left on base; Danville 3 - Savannah 8
BOTTOM OF THE 5TH
Savannah Swamp Foxes batting - Pitching for Danville Dairy Daddies : RHP John Hope
Batting: RHB Kazuhiko Shiotani 0-0: Fly out, F8 (Flyball, 8LM, EV 88.1 MPH)
Batting: LHB Tony Longmire 0-0: Called Strike
0-1: Ball
1-1: Called Strike
1-2: Foul Ball, location: 2F
1-2: Foul Ball, location: 2F
1-2: Foul Ball, location: 2F
1-2: Ball
2-2: Foul Ball, location: 2F
2-2: Ball
3-2: DOUBLE (Line Drive, 7LS, EV 91.9 MPH)
Batting: LHB Jacob Cruz 0-0: Ball
1-0: Fly out, F7 (Flyball, 7LS, EV 73.1 MPH)
Batting: SHB Greg Norton 0-0: Called Strike
0-1: Ball
1-1: Ball
2-1: SINGLE (Flyball, 6MD, EV 92.5 MPH)
Tony Longmire to third
Runner from 3rd tries for Home, SAFE, throw by CF to home
Batting: RHB Jimmy Hurst 0-0: Ball
1-0: Ball
2-0: Ball
3-0: Called Strike
3-1: Foul Ball, location: 2F
3-2: Fly out, F9 (Flyball, 89S, EV 89.4 MPH)
Bottom of the 5th over - 1 run, 2 hits, 0 errors, 1 left on base; Danville 3 - Savannah 9
TOP OF THE 6TH
Danville Dairy Daddies batting - Pitching for Savannah Swamp Foxes : RHP John Wasdin
Batting: LHB Rusty Greer 0-0: Called Strike
0-1: SINGLE (Groundball, 6MD, EV 108.1 MPH)
Batting: LHB Lee Stevens 0-0: Ball
1-0: Called Strike
1-1: Ball
2-1: Called Strike
2-2: Foul Ball, location: 2F
2-2: Strikes out swinging
Batting: LHB Midre Cummings 0-0: Called Strike
0-1: Ball
1-1: Ball
2-1: Ground out 4-3 (Groundball, 4D, EV 108.1 MPH)
Rusty Greer to second
Batting: RHB Mike Stanley 0-0: Foul Ball, location: 2F
0-1: Ball
1-1: Foul Ball, location: 2F
1-2: Ball
2-2: Fly out, F9 (Flyball, 89S, EV 91.9 MPH)
Top of the 6th over - 0 runs, 1 hit, 0 errors, 1 left on base; Danville 3 - Savannah 9
BOTTOM OF THE 6TH
Savannah Swamp Foxes batting - Pitching for Danville Dairy Daddies : RHP John Hope
Pitching: RHP A J Sager
Batting: LHB Jack Howell 0-0: Ball
1-0: Ball
2-0: Ground out 4-3 (Groundball, 4, EV 80.0 MPH)
Batting: RHB Izzy Molina 0-0: Called Strike
0-1: Called Strike
0-2: Ball
1-2: Strikes out looking
Batting: RHB Andy Sheets 0-0: Called Strike
0-1: Ball
1-1: Ball
2-1: Fly out, F8 (Flyball, 8RS, EV 93.1 MPH)
Bottom of the 6th over - 0 runs, 0 hits, 0 errors, 0 left on base; Danville 3 - Savannah 9
TOP OF THE 7TH
Danville Dairy Daddies batting - Pitching for Savannah Swamp Foxes : RHP John Wasdin
Batting: RHB Kevin Polcovich 0-0: Ball
1-0: Ball
2-0: Called Strike
2-1: Swinging Strike
2-2: SINGLE (Line Drive, 56D, EV 99.4 MPH)
Batting: RHB Takahiro Ikeyama 0-0: Ball
1-0: Fly out, F9 (Flyball, 9S, EV 83.8 MPH)
Batting: RHB Tim Worrell 0-0: Bunted foul
0-1: Sac Bunt to 2R - play at first, batter OUT! 2-4
Kevin Polcovich to second
Batting: LHB Brant Brown 0-0: Fly out, F8 (Flyball, 8LM, EV 96.9 MPH)
Top of the 7th over - 0 runs, 1 hit, 0 errors, 1 left on base; Danville 3 - Savannah 9
BOTTOM OF THE 7TH
Savannah Swamp Foxes batting - Pitching for Danville Dairy Daddies : RHP A J Sager
Batting: RHB Masahiro Kawai 0-0: Fly out, F7 (Flyball, 7S, EV 78.8 MPH)
Batting: RHB Kazuhiko Shiotani 0-0: Called Strike
0-1: Called Strike
0-2: Ball
1-2: Fly out, F7 (Flyball, 7D, EV 98.1 MPH)
Batting: LHB Tony Longmire 0-0: Called Strike
0-1: Foul Ball, location: 2F
0-2: Ball
1-2: Ball
2-2: Ball
3-2: Foul Ball, location: 2F
3-2: Foul Ball, location: 2F
3-2: Fly out, F7 (Flyball, 78D, EV 95.0 MPH)
Bottom of the 7th over - 0 runs, 0 hits, 0 errors, 0 left on base; Danville 3 - Savannah 9
TOP OF THE 8TH
Danville Dairy Daddies batting - Pitching for Savannah Swamp Foxes : RHP John Wasdin
Batting: RHB Shawn Gilbert 0-0: DOUBLE (Line Drive, 9LM, EV 102.5 MPH)
Batting: LHB Rusty Greer 0-0: Ball
1-0: Ball
2-0: SINGLE (Line Drive, 7S, EV 91.9 MPH)
Shawn Gilbert to third
Batting: LHB Lee Stevens 0-0: Foul Ball, location: 2F
0-1: Swinging Strike
0-2: Strikes out swinging
Batting: LHB Midre Cummings 0-0: Ball
1-0: Ball
2-0: Called Strike
2-1: Swinging Strike
2-2: Ball
3-2: Base on Balls
Rusty Greer to second
Batting: RHB Mike Stanley 0-0: Called Strike
0-1: Called Strike
0-2: Ball
1-2: Strikes out looking
Batting: RHB Kevin Polcovich 0-0: Ball
1-0: SINGLE (Flyball, 9S, EV 92.5 MPH)
Shawn Gilbert scores
Rusty Greer to third
Midre Cummings to second
Runner from 3rd tries for Home, SAFE, no throw by RF
Pitching: RHP Johnny Ruffin
Batting: RHB Takahiro Ikeyama 0-0: Called Strike
0-1: Foul Ball, location: 2F
0-2: Fly out, F7 (Line Drive, 7, EV 92.5 MPH)
Top of the 8th over - 2 runs, 3 hits, 0 errors, 2 left on base; Danville 5 - Savannah 9
BOTTOM OF THE 8TH
Savannah Swamp Foxes batting - Pitching for Danville Dairy Daddies : RHP A J Sager
Batting: LHB Jacob Cruz 0-0: Called Strike
0-1: Ground out 6-3 (Groundball, 6, EV 107.5 MPH)
Batting: SHB Greg Norton 0-0: Ball
1-0: Fly out, F7 (Flyball, 7S, EV 88.1 MPH)
Batting: RHB Jimmy Hurst 0-0: Ball
1-0: Called Strike
1-1: Ground out 5-3 (Groundball, 56, EV 86.3 MPH)
Bottom of the 8th over - 0 runs, 0 hits, 0 errors, 0 left on base; Danville 5 - Savannah 9
TOP OF THE 9TH
Danville Dairy Daddies batting - Pitching for Savannah Swamp Foxes : RHP Johnny Ruffin
Pitching: RHP Jay Powell
Batting: RHB Tim Worrell 0-0: Swinging Strike
0-1: Foul Ball, location: 2F
0-2: Foul Ball, location: 2F
0-2: SOLO HOME RUN (Line Drive, 7LD, EV 106.9 MPH), Distance : 361 ft
Batting: LHB Brant Brown 0-0: Ball
1-0: Foul Ball, location: 2F
1-1: Foul Ball, location: 2F
1-2: Strikes out swinging
Batting: RHB Shawn Gilbert 0-0: Called Strike
0-1: Fly out, F9 (Flyball, 9, EV 88.8 MPH)
Batting: LHB Rusty Greer 0-0: Called Strike
0-1: Swinging Strike
0-2: Fly out, F9 (Flyball, 89M, EV 80.6 MPH)
Top of the 9th over - 1 run, 1 hit, 0 errors, 0 left on base; Danville 6 - Savannah 9
Thursday, February 5th, 2026 - OOTP Baseball 20.8 Build 74